 Dungeon Crawl Stone Soup version 0.31-a0-620-gd1cbd99268 (webtiles) character file.

Game seed: 15398533894586500752

86 Ghostmaker01 the Ruffian (level 4, -5/35 HPs)
             Began as a Demigod Shapeshifter on Aug 23, 2023.
             Slain by Terence
             ... wielding a +3 heavy flail
              (15 damage)
             ... on level 3 of the Dungeon.
             The game lasted 00:02:54 (1251 turns).

Ghostmaker01 the Ruffian (Demigod Shapeshifter)     Turns: 1251, Time: 00:02:55

Health: -5/35      AC:  2    Str: 20    XL:     4   Next: 5%
Magic:  6/6        EV: 12    Int: 10    God:
Gold:   128        SH:  0    Dex: 14    Spells: 3/3 levels left

rFire   . .          .
                       - Unarmed
rCold   . . .        (no shield)
rNeg    . . .        a - +0 animal skin
rPois   .            (helmet currently unavailable)
rElec   .            (cloak currently unavailable)
rCorr   .            (gloves currently unavailable)
SInv    .            (boots currently unavailable)
Will    .....        (no amulet)
Stlth   +            (no ring)
HPRegen 0.25/turn    (no ring)
MPRegen 0.10/turn

%: no passive effects
@: lethally poisoned (-5 -> -8), beast-form
A: beast (slay +1), high MP 1, forlorn, divine attributes
a: Begin Untransformation


You were on level 3 of the Dungeon.
You were a hulking beast.
You visited 1 branch of the dungeon, and saw 3 of its levels.

You collected 128 gold pieces.

Inventory:

Armour
 a - a +0 animal skin (worn)
Jewellery
 n - a ring of poison resistance
Talismans
 c - a beast talisman (active)
 d - a flux talisman
Scrolls
 f - a scroll of immolation {unknown}
 g - 3 scrolls of revelation {unknown}
 h - a scroll of fog {unknown}
 i - a scroll of silence {unknown}
 j - a scroll of teleportation {unknown}
 k - a scroll of fear {unknown}
 m - a scroll of identify {unknown}
 o - a scroll of enchant weapon {unknown}
Potions
 b - a potion of lignification
 l - a potion of mutation {unknown}


   Skills:
 + Level 1.1 Fighting
 + Level 2.2 Dodging
 + Level 0.1 Stealth
 + Level 3.8 Unarmed Combat
 + Level 3.3 Shapeshifting


You had 3 spell levels left.
You didn't know any spells.
Your spell library contained the following spells:

 Spells                   Type           Power      Damage    Failure   Level
 Volatile Blastmotes      Fire/Tloc      0%         2d10      75%         3
 Fulminant Prism          Conj/Hex       0%         3d5       98%         4
 Iskenderun's Mystic Bla  Conj/Tloc      0%         2d3       98%         4


Dungeon Overview and Level Annotations

Branches:
Dungeon (3/15)

Annotations:
D:3 Jessica, Terence


Innate Abilities, Weirdness & Mutations

You are a hulking beast.
Your limbs bulge with bestial killing power. (Slay +1)
You have an increased reservoir of magic. (+10% MP)
You shall have no god before yourself.
Your divine heritage dramatically boosts your attributes as you level up.


Message History

You closely miss Jessica. Jessica barely misses you.
The bat closely misses you.
A ball python comes into view.
You closely miss Jessica. The bat barely misses you.
Jessica closely misses you.
The ball python hisses angrily.
You hit Jessica.
Jessica is moderately wounded.
The bat hits you but does no damage. Jessica closely misses you.
The kobold throws a poisoned dart.
The poisoned dart hits you!
You are poisoned.
You barely miss Jessica.
Jessica is moderately wounded.
You feel sick. The bat barely misses you. Jessica hits you with a +0 club.
The kobold throws a poisoned dart.
The poisoned dart barely misses you.
Terence says, "Time to say good-bye..."
Terence hits you with a +3 heavy flail!!
Ouch! That really hurt!
* * * LOW HITPOINT WARNING * * *
It was a potion of curing.
You feel better. The bat completely misses you.
The kobold throws a poisoned dart.
The poisoned dart hits you.
You are poisoned.
Jessica mumbles some strange words.
Jessica blinks!
You are too injured to fight recklessly!
You are too injured to fight recklessly!
You are too injured to fight recklessly!
You are too injured to fight recklessly!
You are too injured to fight recklessly!
You are too injured to fight recklessly!
You are too injured to fight recklessly!
You are too injured to fight recklessly!
You are too injured to fight recklessly!
You are too injured to fight recklessly!
You are too injured to fight recklessly!
You are too injured to fight recklessly!
You are too injured to fight recklessly!
You hit Terence but do no damage.
You feel sick. The bat hits you but does no damage.
Terence hits you with a +3 heavy flail!
You die...

#...#....P.PP.......
#._.#...)...P........
##...#................
#..................K..
#................S....
#.....................
#.......[.............
#......<..............
#.............h.......
#.............@b......
#..........^..........
#.....................
#................)....
#.....................
#.............[.......
.......@.......


You could see Terence, Jessica, a bat, a ball python and a kobold.

Vanquished Creatures
  3 gnolls (D:2)
  2 adders
  A dart slug (D:2)
  3 bats
  6 endoplasms
  2 giant cockroaches (D:2)
  7 goblins
  3 hobgoblins (D:1)
  2 quokkas (D:1)
  A ball python (D:1)
  2 frilled lizards
  4 rats (D:1)
36 creatures vanquished.

Vanquished Creatures (others)
  A human (D:3)
1 creature vanquished.

Grand Total: 37 creatures vanquished

Notes
Turn   | Place    | Note
-------+----------+-------------------------------------------
     0 | D:1      | Ghostmaker01 the Demigod Shapeshifter began the quest for
                  | the Orb.
     0 | D:1      | Reached XP level 1. HP: 15/15 MP: 3/3
   147 | D:1      | Reached XP level 2. HP: 19/22 MP: 4/4
   649 | D:2      | Reached XP level 3. HP: 18/27 MP: 5/5
   789 | D:2      | Reached skill level 1 in Fighting
  1201 | D:3      | Noticed a human
  1204 | D:3      | Killed a human
  1212 | D:3      | Reached XP level 4. HP: 21/35 MP: 6/6
  1240 | D:3      | Noticed Jessica
  1241 | D:3      | Noticed Terence
  1251 | D:3      | Slain by Terence

Illustrated notes

Levels and vault maps discovered:
D:1:      wander_arrival_chamber, layout_rooms
D:2:      layout_rooms, serial_forest, infiniplex_forest_clump_curved,
          infiniplex_forest_zigzag_1, infiniplex_forest_lined_2,
          infiniplex_forest_clump_double
D:3:      layout_basic, fedhas_altar_3, tgw_kikubaaqudgha, uniq_terence,
          uniq_natasha, uniq_jessica

Skill      XL: |  1  2  3 |
---------------+----------+-----
Shapeshifting  | 3 |  3.3
Unarmed Combat | 3 |  3.8
Dodging        | 2 |  2.2
Fighting       | 1 |  1.1
Stealth        | |  0.1

Action                     |  1- 3 |  4- 6 || total
---------------------------+-------+-------++-------
  Melee: Unarmed           |   108 |     7 ||   115
         Punch             |     4 |       ||     4
    Use: Potion            |       |     1 ||     1
 Armour: Animal skin       |    12 |     3 ||    15
  Dodge: Dodged            |    66 |    10 ||    76

Table legend: (Time is in decaauts)
 A = Elapsed time spent in this place.
 B = Non-inter-level travel time spent in this place.
 C = Inter-level travel time spent in this place.
 D = Time resting spent in this place.
 E = Time spent auto-exploring this place.
 F = Levels seen in this place.
 G = Mean time per level.
                   A        B        C        D        E       F      G
               +--------+--------+--------+--------+--------+-----+--------+
         Total |   1243 |   1220 |     23 |      0 |    963 |   3 |  414.3 |
       Dungeon |   1243 |   1220 |     23 |      0 |    963 |   3 |  414.3 |
               +--------+--------+--------+--------+--------+-----+--------+

Top non-repeatable levels by time:
     D:2: 653 daAuts
     D:1: 538 daAuts
     D:3: 50 daAuts
